AoeStats
← agusvr3051n

Arena

510141794Analyzed
1v1 RM · 3d ago on Sep 29, 2026· 48m 20s· 2 players
Game mode
Random Map
Map size
Tiny (2 player)
Population
200
Speed
Normal
Resources
Standard
Victory
Conquest
Starting age
Dark Age
Ending age
Imperial Age
RankedLock teamsTeams togetherTeam positionsShared explorationLock speedFull tech treeHidden civsTurbo modeCheats
Victory
Defeat
🇰🇿 Slavs · Kazakhstan
834
+17
🇦🇷 Cumans · Argentina
866
-17
storm
10:09 Feudal Age
13:05 Double-Bit Axe
15:36 Castle Age
16:38 Wheelbarrow
16:24 Fletching
16:23 Loom
19:18 Bow Saw
20:35 Gold Mining
25:01 Pikeman
25:45 Scale Mail Armor
30:20 Imperial Age
28:15 Bodkin Arrow
30:22 Horse Collar
32:15 Conscription
33:44 Two-Man Saw
32:27 Halberdier
33:29 Chain Mail Armor
35:41 Chemistry
38:01 Detinets
38:29 Ballistics
39:25 Scale Barding Armor
39:31 Forging
42:01 Bloodlines
43:05 Masonry
44:08 Chain Barding Armor
44:23 Iron Casting
44:53 Hand Cart
46:58 Heavy Scorpion
agusvr3051n
10:35 Feudal Age
8:52 Loom
13:38 Man-at-Arms
14:19 Double-Bit Axe
17:27 Forging
19:51 Horse Collar
21:09 Wheelbarrow
22:27 Scale Mail Armor
25:09 Castle Age
23:56 Stone Mining
27:55 Steppe Husbandry
28:25 Padded Archer Armor
28:15 Fletching
28:34 Scale Barding Armor
29:58 Heavy Plow
30:16 Bodkin Arrow
30:36 Leather Archer Armor
30:59 Bow Saw
33:05 Hand Cart
34:10 Leather Archer Armor
34:31 Iron Casting
35:46 Iron Casting
35:54 Gold Mining
38:41 Bloodlines
39:02 Chain Mail Armor
39:22 Coinage
39:23 Chain Barding Armor
39:39 Town Watch
44:21 Imperial Age
45:41 Ring Archer Armor
46:15 Blast Furnace
46:26 Gold Shaft Mining
45:34 Elite Steppe Lancer
47:18 Crop Rotation
Connection lost

Rejoining the realm…

Still unreachable

The connection could not be restored.

Session expired

The server has moved on; the page needs a fresh start.